 Dungeon Crawl Stone Soup version 0.20.1-1-g8b1a95d66d (webtiles) character file.

277 NullDivider the Vexing (level 6, -7/24 HPs)
             Began as a Felid Enchanter on Nov 15, 2017.
             Was a Follower of Dithmenos.
             Mangled by pod's ghost (16 damage)
             ... on level 4 of the Dungeon.
             The game lasted 00:29:16 (6524 turns).

NullDivider the Vexing (Felid Enchanter)            Turns: 6524, Time: 00:29:17

Health: -7/24      AC:  2    Str:  4    XL:     6   Next: 4%
Magic:  7/12       EV: 19    Int: 18    God:    Dithmenos [*.....]
Gold:   247        SH:  0    Dex: 17    Spells: 3/12 levels left
                                        Lives:  0   Deaths: 1

rFire    . . .     SeeInvis +     - Unarmed
rCold    . . .     Gourm    .   (shield unavailable)
rNeg     . . .     Faith    .   (armour unavailable)
rPois    .         Spirit   .   (helmet unavailable)
rElec    .         Reflect  .   (cloak unavailable)
rCorr    +         Harm     .   (gloves unavailable)
MR       .....                  (boots unavailable)
Stlth    ++++......             e - amulet of rage
Regen    0.1/turn               q - ring of resist corrosion
MPRegen  0.2/turn               (no ring)

@: wreathed by umbra, quick
A: no armour, no weapons or thrown items, stealth, claws 1, fangs 3, see
invisible, carnivore 3, speed 1, shaggy fur 2, slow metabolism 1, sharp paws
a: Renounce Religion, Evoke Berserk Rage


You were on level 4 of the Dungeon.
You worshipped Dithmenos.
Dithmenos was aware of your devotion.
You were completely stuffed.

You visited 1 branch of the dungeon, and saw 4 of its levels.

You collected 247 gold pieces.

Inventory:

Jewellery
 e - an amulet of rage (around neck)
 q - a ring of resist corrosion (left paw)
Scrolls
 c - 3 scrolls of identify {unknown}
 d - a scroll of teleportation {unknown}
 g - 2 scrolls of recharging {unknown}
 l - a scroll of immolation {unknown}
 m - a scroll of enchant weapon {unknown}
 n - a scroll of fear {unknown}
 o - a scroll of enchant armour {unknown}
 t - a scroll of remove curse {unknown}
 u - a scroll of fog {unknown}
Potions
 h - a potion of brilliance {unknown}
 i - 5 potions of curing
 k - 2 potions of agility {unknown}
 r - 2 potions of haste {unknown}
 s - a potion of might {unknown}
Books
 a - a book of Maledictions

   Spells                             Type                      Level
   a - Corona                         Hexes                        1
   b - Ensorcelled Hibernation        Hexes/Ice                    2
   c - Confuse                        Hexes                        3
   d - Tukima's Dance                 Hexes                        3
   e - Dazzling Spray                 Conjuration/Hexes            3
 j - a book of Cantrips

   Spells                             Type                      Level
   a - Confusing Touch                Hexes                        1
   b - Animate Skeleton               Necromancy                   1
   c - Summon Small Mammal            Summoning                    1
   d - Apportation                    Translocation                1
Comestibles
 b - a meat ration
 f - 4 royal jellies


   Skills:
 + Level 4.2 Dodging
 + Level 5.3 Stealth
 + Level 2.5 Unarmed Combat
 * Level 3.6 Spellcasting
 * Level 6.4 Hexes


You had 3 spell levels left.
You knew the following spells:

 Your Spells              Type           Power        Failure   Level  Hunger
a - Corona                Hex            ####...      1%          1    None
b - Ensorcelled Hibernat  Hex/Ice        ##....       6%          2    ##.....
c - Tukima's Dance        Hex            ####....     3%          3    ###....
d - Confuse               Hex            ####....     3%          3    ###....


Dungeon Overview and Level Annotations

Branches:
Dungeon (4/15)
 Temple: D:4-7

Altars:
Cheibriados
Dithmenos
Elyvilon
Makhleb
Okawaru
Qazlal
Uskayaw

Annotations:
D:4 Sigmund; pod's ghost, amateur GrFi


Innate Abilities, Weirdness & Mutations

You cannot wear armour.
You are incapable of wielding weapons or throwing items.
Your paws allow you to move quietly. (Stealth)
You have sharp claws.
You have razor-sharp teeth.
You have supernaturally acute eyesight. (SInv)
You are carnivorous and can eat meat at any time.
You cover ground quickly.
You are covered in thick fur. (AC +2)
You have a slow metabolism.
Your sharp claws are effective at attacking unaware monsters.


Message History

Confirm with . or Enter, or press ? or * to list all spells.
Aiming: Confuse
Press: ? - help, Shift-Dir - straight line, f - pod's ghost
Aim: pod's ghost (umbra, chance to defeat MR: 37%) Pod's ghost resists with some effort.
Pod's ghost barely misses you.
Casting: Confuse
Confirm with . or Enter, or press ? or * to list all spells.
Aiming: Confuse
Press: ? - help, Shift-Dir - straight line, f/p - pod's ghost
Aim: pod's ghost (umbra, chance to defeat MR: 37%) Pod's ghost appears confused.
Pod's ghost hits you!
You pounce on the helpless pod's ghost from behind!
You scratch pod's ghost but do no damage.
You scratch pod's ghost but do no damage.
You scratch pod's ghost but do no damage.
You scratch pod's ghost but do no damage.
You completely miss pod's ghost. Pod's ghost hits you!
Ouch! That really hurt!
You die...

#............####.#
#######.####.# #.#
###########.# #.# #.#
..........#.# #.# #.#
#########.#.# #.# #.#
#.......#.# #.# #.#
#.####..#.####.####.#
#.....[.........#
.............@####.#
#.###........W......#
#.############### #.
.. ###


You could see pod's ghost (confused).

Vanquished Creatures
  An ogre (D:4)
  A howler monkey (D:4)
  A jelly (D:3)
  Robin (D:4)
  7 adders
  An ooze (D:1)
  3 worms (D:2)
  A dart slug (D:2)
  5 leopard geckos
  5 orcs
  8 bats
  A giant cockroach (D:1)
  14 goblins
  12 hobgoblins
  9 jackals
  A quokka (D:2)
  A ball python (D:3)
  7 frilled lizards
  10 kobolds
  A leopard gecko skeleton (D:4)
  10 rats
100 creatures vanquished.

Vanquished Creatures (others)
  A dancing weapon (D:3)
1 creature vanquished.

Grand Total: 101 creatures vanquished

Notes
Turn   | Place    | Note
-------+----------+-------------------------------------------
     0 | D:1      | NullDivider the Felid Enchanter began the quest for the Orb.
     0 | D:1      | Reached XP level 1. HP: 7/7 MP: 4/4
   438 | D:1      | Reached XP level 2. HP: 3/11 MP: 4/6
   698 | D:1      | Learned a level 2 spell: Ensorcelled Hibernation
  1587 | D:1      | Reached XP level 3. HP: 14/14 MP: 4/7
  1671 | D:1      | Learned a level 3 spell: Tukima's Dance
  1843 | D:2      | Found a hide-covered altar of Uskayaw.
  2487 | D:2      | You fall through a shaft for 2 floors!
  2505 | D:4      | Found a burning altar of Makhleb.
  2506 | D:4      | Found a snail-covered altar of Cheibriados.
  2506 | D:4      | Found a stormy altar of Qazlal.
  2524 | D:4      | Found a shadowy altar of Dithmenos.
  2628 | D:4      | Became a worshipper of Dithmenos the Shadowed
  2673 | D:4      | Noticed pod's ghost (amateur GrFi)
  2697 | D:4      | Noticed Sigmund
  3236 | D:3      | Reached skill level 5 in Hexes
  3236 | D:3      | Reached XP level 4. HP: 18/18 MP: 9/9
  3548 | D:2      | Slain by a hobgoblin
  3549 | D:2      | Reached XP level 3. HP: 0/14 MP: 0/8
  3748 | D:2      | Found an iron altar of Okawaru.
  4044 | D:2      | Reached XP level 4. HP: 18/18 MP: 6/9
  4112 | D:2      | Found a white marble altar of Elyvilon.
  4357 | D:2      | Reached * piety under Dithmenos
  5950 | D:3      | Learned a level 3 spell: Confuse
  5964 | D:4      | Noticed Robin
  5967 | D:4      | Reached skill level 5 in Stealth
  5970 | D:4      | Noticed an ogre
  5970 | D:4      | Reached XP level 5. HP: 21/21 MP: 7/10
  5986 | D:4      | Killed Robin
  5989 | D:4      | Killed an ogre
  5989 | D:4      | Reached skill level 6 in Hexes
  6149 | D:4      | Gained mutation: You are covered in thick fur. (AC +2) [Felid growth]
  6149 | D:4      | Reached XP level 6. HP: 24/24 MP: 12/12
  6524 | D:4      | Mangled by pod's ghost

Skill      XL: |  1  2  3  4  5 |
---------------+----------------+-----
Dodging        | 3 4 |  4.2
Hexes          | 5 6 |  6.4
Unarmed Combat | 2 |  2.5
Spellcasting   | 3 |  3.6
Stealth        | 5 |  5.3

Action                   |  1- 3 |  4- 6 || total
-------------------------+-------+-------++-------
Melee: Unarmed           |   101 |   144 ||   245
       Bite              |     6 |     6 ||    12
       Punch             |       |     1 ||     1
 Cast: Corona            |    10 |     9 ||    19
       Ensorcelled Hiber |    32 |    47 ||    79
       Tukima's Dance    |       |     2 ||     2
       Confuse           |       |     7 ||     7
 Abil: Evoke Berserk Rag |       |     1 ||     1
  Use: Potion            |       |     1 ||     1
 Stab: Sleeping          |    34 |    32 ||    66
       Distracted        |     2 |       ||     2
       Confused          |       |     2 ||     2
  Eat: Chunk             |    19 |    11 ||    30
Armor: Skin              |     1 |     4 ||     5
Dodge: Dodged            |    79 |   103 ||   182
